Map: Ley Lines

Players

los

  • Race: Terran Terran
  • Spawn Location: 1:00

wootwoot - Winner!

  • Race: Protoss Protoss
  • League: Silver
  • Spawn Location: 7:00

VOD

Have the link to the VOD?

Description

Time

  • Played on: April 21, 2025, 11:01 a.m.
  • Length: 3:01
Show
View Real Time Build Order
Export as new Build Order

los Terran 

Build Orders:  

Get SALT Encoding   

  12  0:01  SCV  
  13  0:13  SCV  
  14  0:17  Supply Depot  
  14  0:25  SCV  
  15  0:39  SCV  
  15  0:40  Refinery  
  16  0:46  Barracks  
  16  0:51  SCV  
  17  1:03  SCV  
  18  1:15  SCV  
  19  1:27  Supply Depot, SCV  
  20  1:36  Supply Depot  
  20  1:39  SCV  
  21  1:46  Reaper  
  22  1:55  Orbital Command  
  22  2:04  Command Center  
  22  2:11  Refinery  
  22  2:20  SCV  
  23  2:29  Barracks Reactor  
  23  2:32  SCV  
  24  2:37  Marine  
Show
View Real Time Build Order
Export as new Build Order

wootwoot Protoss - Winner!

Build Orders:  

Get SALT Encoding   

  12  0:01  Probe  
  13  0:13  Probe  
  14  0:21  Pylon  
  14  0:25  Probe  
  15  0:39  Gateway  
  15  0:42  Assimilator  
  15  0:51  Pylon  
  15  1:10  Gateway  
  15  1:12  Gateway  
  15  1:26  Cybernetics Core  
  15  1:31  Probe  
  16  1:43  Probe  
  17  1:51  Stalker x2  
  21  2:17  Stalker x2  
  25  2:35  Shield Battery  
  25  2:45  Probe  
Tags
 
League
Silver
Matchup
PvT
Replay Pack
#1B2M-Replays
Spawn Locations
Cross Positions
Add a new tag
Caveats
  • Supply blocks, unpowered buildings, or Contaminate may cause inaccurate times.
  • Supply counts are checked every 10 seconds.